 Dungeon Crawl Stone Soup version 0.22-a0-417-g1387785 (webtiles) character file.

6480 nikopol the Thaumaturge (level 10, -24/52 HPs)
             Began as a Deep Elf Fire Elementalist on May 14, 2018.
             Was a High Priest of Sif Muna.
             Killed from afar by Anon1729's ghost (32 damage)
             ... with a flame tongue
             ... on level 10 of the Dungeon.
             The game lasted 00:41:16 (10550 turns).

nikopol the Thaumaturge (DEFE)                     Turns: 10550, Time: 00:41:16

Health: -24/52     AC:  5    Str:  5    XL:     10   Next: 68%
Magic:  6/37       EV: 14    Int: 24    God:    Sif Muna [*****.]
Gold:   260        SH:  0    Dex: 20    Spells: 9/33 levels left

rFire    . . .     SeeInvis .   x - +10 dagger of Hacking and Slashing {flame, MP+9}
rCold    . . .     Gourm    .   (no shield)
rNeg     . . .     Faith    .   v - +0 robe
rPois    .         Spirit   .   (no helmet)
rElec    .         Reflect  .   I - +0 cloak
rCorr    .         Harm     .   D - +0 pair of gloves
MR       ++...                  A - +0 pair of boots
Stlth    ++........             (no amulet)
HPRegen  0.17/turn              z - ring of protection from magic
MPRegen  0.25/turn              B - +5 ring of dexterity

@: lethally poisoned (-24 -> -30), liquid flames, glowing
A: no striking features
a: Divine Energy, Channel Magic, Forget Spell, Renounce Religion


You were on level 10 of the Dungeon.
You worshipped Sif Muna.
Sif Muna was extremely pleased with you.
You were not hungry.

You visited 1 branch of the dungeon, and saw 10 of its levels.

You collected 452 gold pieces.
You spent 192 gold pieces at shops.

Inventory:

Hand Weapons
 e - a +0 dagger
 x - the +10 dagger of Hacking and Slashing (weapon) {flame, MP+9}
   (You took it off an orc on level 5 of the Dungeon)

   It has been specially enchanted to burn those struck by it, causing extra
   injury to most foes and up to half again as much damage against particularly
   susceptible opponents.
   It affects your magic capacity (+9).
Armour
 a - a +0 robe
 v - a +0 robe (worn)
 A - a +0 pair of boots (worn)
 D - a +0 pair of gloves (worn)
 I - a +0 cloak (worn)
Jewellery
 z - a ring of protection from magic (left hand)
 B - a +5 ring of dexterity (right hand)
 E - an uncursed ring of ice {unknown}
 F - an uncursed ring of ice {unknown}
Wands
 q - a wand of flame (26)
 y - a wand of random effects (49)
 G - a wand of acid (8)
 J - a wand of iceblast (8)
Scrolls
 d - 8 scrolls of remove curse
 i - 4 scrolls of fear {unknown}
 k - 2 scrolls of noise {unknown}
 m - 3 scrolls of amnesia {unknown}
 o - 5 scrolls of teleportation
 p - 2 scrolls of fog {unknown}
 s - 3 scrolls of magic mapping {unknown}
 t - 2 scrolls of enchant weapon {unknown}
 w - 2 scrolls of enchant armour {unknown}
 C - a scroll of immolation {unknown}
 H - 3 scrolls of identify
 L - a scroll of brand weapon {unknown}
Potions
 b - 5 potions of flight
 f - a potion of magic
 g - 12 potions of curing
 h - 2 potions of lignification
 j - 4 potions of agility
 l - a potion of invisibility
 n - 7 potions of heal wounds
 r - a potion of haste
 u - a potion of brilliance
Comestibles
 c - 12 rations
 K - 6 chunks of flesh


   Skills:
 + Level 1.1 Fighting
 + Level 3.6 Dodging
 + Level 5.2 Stealth
 + Level 12.0 Spellcasting
 + Level 9.4 Conjurations
 + Level 4.0 Hexes
 + Level 10.2 Fire Magic


You had 9 spell levels left.
You knew the following spells:

 Your Spells              Type           Power        Failure   Level  Hunger
a - Flame Tongue          Conj/Fire      #####        1%          1    None
b - Throw Flame           Conj/Fire      ######       1%          2    None
c - Conjure Flame         Conj/Fire      ######..     1%          3    None
d - Sticky Flame          Conj/Fire      ######..     1%          4    None
e - Fireball              Conj/Fire      ######....   2%          5    ###....
f - Dazzling Spray        Conj/Hex       #####.       1%          3    None
g - Iron Shot             Conj/Erth      #####.....   67%         6    #####..

Your spell library contained the following spells:

 Spells                   Type           Power        Failure   Level  Hunger
 Bolt of Magma            Conj/Fire/Erth #####.....   9%          5    ###....
 Confuse                  Hex            ####....     2%          3    None
 Venom Bolt               Conj/Pois      #####.....   17%         5    ###....
 Tukima's Dance           Hex            ####....     2%          3    None
 Ensorcelled Hibernation  Hex/Ice        ###...       2%          2    None
 Corona                   Hex            ####...      1%          1    None
 Orb of Destruction       Conj           ######....   58%         7    ######.
 Inner Flame              Hex/Fire       #####...     1%          3    None
 Iskenderun's Battlesphe  Conj/Chrm      #####...     17%         5    ###....
 Spellforged Servitor     Conj/Summ      #####.....   99%         7    ######.


Dungeon Overview and Level Annotations

Branches:
Dungeon (10/15)            Temple (0/1) D:4             Orc (0/2) D:9
   Lair: D:8-11

Altars:
Ashenzari
Cheibriados
Fedhas
Gozag
Hepliaklqana
Kikubaaqudgha
Okawaru
Sif Muna
Trog
Wu Jian
Xom
The Shining One

Shops:
D:6 !   D:7 *

Annotations:
D:9 4 runed doors
D:10 Anon1729's ghost, novice OpFE


Message History

You are poisoned.
Casting: Flame Tongue (safe; 1% risk of failure)
Confirm with . or Enter, or press ? or * to list all spells.
Aiming: Flame Tongue (safe; 1% risk of failure)
Press: ? - help, Shift-Dir - straight line, f/p - Anon1729's ghost
Aim: Anon1729's ghost, wielding a weapon of venom (almost destroyed)
The flame tongue misses Anon1729's ghost.
You are covered in liquid flames!
You feel sick.
Anon1729's ghost sprays you with burning goo.
The sticky flame hits you!
You are covered in liquid flames!
* * * LOW HITPOINT WARNING * * *
You are covered in liquid flames!
* * * LOW HITPOINT WARNING * * *
You feel sick. Anon1729's ghost casts a spell at you.
The flame tongue hits you!
Ouch! That really hurt!
You die...

#.# ##.#.#..#####.#.....# #.#
........#...........# #.#
##.#.#...........#..#
#######'####.#.#..#.###.#..#..#
.......)..##.#.#..#.###.#..#..#
........).##.#.#..#...........#
.........)##.#.#..#.###.#..#..#
...............................
..........##.#@W..............#
..........)...............>#..#
#########.####.#..............#
#.# #.#.##.#.###.##..# #..
#.#.##.#.# #.##..# ##.#
#.#..........W.... ..
......<#.##..##..#
....................# ......
##.###.##


You could see Anon1729's ghost.

Vanquished Creatures
  Erica (D:8)
  The ghost of anything the Quickloader, a novice OpHu of Gozag (D:8)
  Joseph (D:9)
  Maurice (D:8)
  A centaur zombie (D:10)
  2 hippogriffs
  Grum (D:9)
  Menkaure (D:6)
  Duvessa (D:6)
  3 ice beasts
  2 orc warriors (D:8)
  2 sky beasts
  5 ogres
  3 wolves (D:9)
  3 centaurs
  A big kobold (D:7)
  3 bullfrogs
  Dowan (D:6)
  7 howler monkeys
  5 crimson imps
  2 orc priests
  10 hounds
  2 jellies (D:9)
  A bullfrog skeleton (D:4)
  Terence (D:2)
  A gnoll shaman (D:10)
  3 iguanas
  5 orc wizards
  9 worker ants
  A killer bee zombie (D:9)
  A hound zombie (D:5)
  A hound skeleton (D:7)
  7 gnolls
  5 adders
  2 shadow imps (D:5)
  An ooze (D:1)
  2 worms
  An adder skeleton (D:3)
  3 dart slugs
  6 leopard geckos
  32 orcs
  3 giant cockroaches
  5 goblins
  12 hobgoblins
  18 jackals
  12 kobolds
  A quokka (D:6)
  3 ball pythons
  4 bats
  2 frilled lizards (D:1)
  A leopard gecko skeleton (D:7)
  A quokka zombie (D:5)
  8 rats
211 creatures vanquished.

Vanquished Creatures (others)
  A fungus (D:6)
1 creature vanquished.

Grand Total: 212 creatures vanquished

Notes
Turn   | Place    | Note
-------+----------+-------------------------------------------
     0 | D:1      | nikopol the Deep Elf Fire Elementalist began the quest for the Orb.
     0 | D:1      | Reached XP level 1. HP: 10/10 MP: 6/6
   166 | D:1      | Reached XP level 2. HP: 15/15 MP: 5/8
   419 | D:1      | Reached XP level 3. HP: 12/19 MP: 3/10
  1119 | D:2      | Reached skill level 4 in Spellcasting
  1131 | D:2      | Found a deep blue altar of Sif Muna.
  1134 | D:2      | Became a worshipper of Sif Muna the Loreminder
  1374 | D:2      | Reached XP level 4. HP: 20/24 MP: 9/12
  1794 | D:2      | Noticed Terence
  1815 | D:1      | Learned a level 2 spell: Throw Flame
  1819 | D:1      | Learned a level 3 spell: Conjure Flame
  1824 | D:1      | Learned a level 4 spell: Sticky Flame
  1960 | D:2      | Killed Terence
  2111 | D:3      | Reached skill level 5 in Spellcasting
  2111 | D:3      | Reached XP level 5. HP: 20/28 MP: 2/14
  3527 | D:4      | Noticed an ogre
  3540 | D:4      | Killed an ogre
  3540 | D:4      | Reached * piety under Sif Muna
  3540 | D:4      | Reached skill level 5 in Fire Magic
  3540 | D:4      | Reached XP level 6. HP: 32/32 MP: 4/16
  3649 | D:4      | Found a shimmering altar of Xom.
  3657 | D:4      | Found a hazy altar of Hepliaklqana.
  3657 | D:4      | Noticed an insubstantial wisp
  3692 | D:4      | Noticed a spectral ugly thing
  3692 | D:4      | Noticed an insubstantial wisp
  3918 | D:4      | Found an ornate altar of the Wu Jian Council.
  4019 | D:4      | Found a staircase to the Ecumenical Temple.
  4143 | D:4      | Found a shattered altar of Ashenzari.
  4232 | D:5      | Entered Level 5 of the Dungeon
  4312 | D:5      | Found an iron altar of Okawaru.
  4328 | D:5      | Reached skill level 6 in Spellcasting
  4334 | D:5      | Reached XP level 7. HP: 36/36 MP: 1/18
  4699 | D:5      | Got a bone dagger {flame}
  4700 | D:5      | Identified the +10 dagger of Hacking and Slashing {flame, MP+9} (You took it off an orc on level 5 of the Dungeon)
  4936 | D:5      | You fall through a shaft!
  4943 | D:6      | Learned a level 5 spell: Fireball
  5027 | D:6      | Reached ** piety under Sif Muna
  5342 | D:6      | Noticed Menkaure
  5344 | D:6      | Killed Menkaure
  5344 | D:6      | Reached skill level 7 in Spellcasting
  5398 | D:6      | Found a snail-covered altar of Cheibriados.
  5405 | D:6      | Found an opulent altar of Gozag.
  5425 | D:6      | Reached skill level 5 in Conjurations
  5425 | D:6      | Reached XP level 8. HP: 42/42 MP: 18/21
  5503 | D:6      | Found a blossoming altar of Fedhas.
  5655 | D:5      | Learned a level 3 spell: Dazzling Spray
  5913 | D:5      | Reached skill level 8 in Spellcasting
  6639 | D:6      | Found Tonuinni's Distillery.
  6649 | D:6      | Bought 2 potions of curing for 72 gold pieces
  6649 | D:6      | Bought 2 potions of heal wounds for 120 gold pieces
  6814 | D:6      | Noticed Duvessa
  6816 | D:6      | Noticed Dowan
  6818 | D:6      | Killed Duvessa
  6819 | D:6      | Killed Dowan
  6819 | D:6      | Reached *** piety under Sif Muna
  7048 | D:7      | Reached skill level 1 in Hexes
  7138 | D:7      | Found Tafuikut's Assorted Antiques.
  7143 | D:7      | Reached skill level 9 in Spellcasting
  7248 | D:7      | Noticed a hippogriff
  7259 | D:7      | Killed a hippogriff
  7259 | D:7      | Reached XP level 9. HP: 29/46 MP: 24/24
  7745 | D:8      | Noticed anything's ghost (novice OpHu)
  7752 | D:8      | Killed anything's ghost
  7752 | D:8      | Reached **** piety under Sif Muna
  7752 | D:8      | Reached skill level 10 in Spellcasting
  8083 | D:8      | Found an ancient bone altar of Kikubaaqudgha.
  8206 | D:8      | Noticed Maurice
  8239 | D:8      | Noticed Erica
  8245 | D:8      | Killed Erica
  8618 | D:8      | Reached XP level 10. HP: 51/51 MP: 26/26
  8871 | D:8      | Killed Maurice
  8871 | D:8      | Reached skill level 11 in Spellcasting
  9069 | D:9      | Noticed Joseph
  9082 | D:9      | Killed Joseph
  9082 | D:9      | Reached skill level 1 in Fighting
  9082 | D:9      | Reached skill level 5 in Stealth
  9256 | D:9      | Found a huge runed gate.
  9256 | D:9      | Found a huge runed gate.
  9256 | D:9      | Found a huge runed gate.
  9256 | D:9      | Found a huge runed gate.
  9317 | D:9      | Reached ***** piety under Sif Muna
  9503 | D:9      | Noticed a moth of wrath
  9506 | D:9      | Found a bloodstained altar of Trog.
  9597 | D:9      | Noticed Grum
  9597 | D:9      | Received a gift from Sif Muna
  9620 | D:9      | Killed Grum
  9620 | D:9      | Reached skill level 10 in Fire Magic
  9866 | D:9      | Learned a level 6 spell: Iron Shot
 10039 | D:9      | Found a glowing golden altar of the Shining One.
 10125 | D:9      | Found a staircase to the Orcish Mines.
 10363 | D:10     | Entered Level 10 of the Dungeon
 10397 | D:10     | Reached skill level 12 in Spellcasting
 10524 | D:10     | Noticed Anon1729's ghost (novice OpFE)
 10550 | D:10     | Killed from afar by Anon1729's ghost

Vault maps used:
D:1:      dpeg_arrival_long_road
D:2:      lemuel_blue_sif_altar, hangedman_abyss_or_decor_lesser_grid,
          minmay_statues_item, uniq_terence
D:3:      st_stairs_3
D:4:      regret_index_temple_of_mockery, overflow_temple_1_default,
          lemuel_coloured_pillars_altar, minmay_temple_entry_grid
D:5:      okawaru_trees_2, first_ration
D:6:      fedhas_altar_3, minitemple, serial_shops, shop, uniq_duvessa,
          uniq_menkaure
D:7:      serial_shops, shop
D:8:      kennysheep_little_box, uniq_maurice, uniq_erica
D:9:      lemuel_bear_cage, tgw_trog, nicolae_tso_carved_into_rock, orc_0_dummy,
          uniq_grum, uniq_joseph
D:10:     lair_entry_dummy

Skill      XL: |  1  2  3  4  5  6  7  8  9 10 |
---------------+-------------------------------+-----
Fire Magic     | 4 5 6 7 9 10 | 10.2
Spellcasting   | 4 5 6 7 9 10 12 | 12.0
Stealth        | 3 4 5 |  5.2
Conjurations   | 2 3 5 6 8 9 |  9.4
Dodging        | 3 |  3.6
Hexes          | 1 3 4 |  4.0
Fighting       | 1 |  1.1

Action                   |  1- 3 |  4- 6 |  7- 9 | 10-12 || total
-------------------------+-------+-------+-------+-------++-------
Melee: Dagger            |       |     1 |       |       ||     1
 Cast: Flame Tongue      |    75 |    94 |   136 |    83 ||   388
       Throw Flame       |       |    11 |    12 |    10 ||    33
       Conjure Flame     |       |     3 |     2 |     1 ||     6
       Sticky Flame      |       |     4 |    20 |    16 ||    40
       Fireball          |       |       |    21 |    17 ||    38
       Dazzling Spray    |       |       |    25 |       ||    25
  Use: Scroll            |       |       |     7 |     2 ||     9
  Eat: Chunk             |     1 |     6 |    17 |     4 ||    28
       Ration            |       |     1 |     1 |     1 ||     3
Armor: Robe              |     7 |     3 |     5 |     5 ||    20
Dodge: Dodged            |    27 |    16 |    38 |    20 ||   101

Table legend:
 A = Spawn XP
 B = Non-spawn XP
 C = Spawn XP percentage of total XP
 D = Spawn monster count
 E = Non-spawn monster count
 F = Spawn count percentage of total count
 G = Total turns spent on level
                    A         B        C        D         E        F      G
               +---------+---------+-------+---------+---------+-------+---------
         Total |       0 |    9258 |   0.0 |       0 |     211 |   0.0 | 10550
               +---------+---------+-------+---------+---------+-------+---------
           D:1 |       0 |      64 |   0.0 |       0 |      29 |   0.0 |  1111
           D:2 |       0 |     121 |   0.0 |       0 |      19 |   0.0 |  1223
           D:3 |       0 |      88 |   0.0 |       0 |      20 |   0.0 |  1112
           D:4 |       0 |     293 |   0.0 |       0 |      15 |   0.0 |   786
           D:5 |       0 |     740 |   0.0 |       0 |      25 |   0.0 |  1478
           D:6 |       0 |     961 |   0.0 |       0 |      20 |   0.0 |  1322
           D:7 |       0 |     910 |   0.0 |       0 |      24 |   0.0 |   712
           D:8 |       0 |    3134 |   0.0 |       0 |      24 |   0.0 |  1294
           D:9 |       0 |    2208 |   0.0 |       0 |      27 |   0.0 |  1325
          D:10 |       0 |     739 |   0.0 |       0 |       8 |   0.0 |   187
               +---------+---------+-------+---------+---------+-------+---------
